 Dungeon Crawl Stone Soup version 0.24-a0-416-g56ce5178b7 (webtiles) character file.

Game seed: 4549027764530019898

8337 theanonym the Frost Mage (level 11, -8/83 HPs)
             Began as a Barachi Ice Elementalist on June 9, 2019.
             Was an Initiate of Vehumet.
             Shot with an arrow by a centaur (10 damage)
             ... on level 6 of the Dungeon.
             The game lasted 00:14:45 (7325 turns).

theanonym the Frost Mage (Barachi Ice Elementalist) Turns: 7325, Time: 00:14:46

Health: -8/83      AC:  6    Str:  9    XL:     11   Next: 29%
Magic:  6/24       EV: 11    Int: 19    God:    Vehumet [......]
Gold:   296        SH:  0    Dex: 13    Spells: 19/29 levels left

rFire    . . .     SeeInvis .   x - +4 quarterstaff (chaos)
rCold    . . .     Gourm    .   (shield currently unavailable)
rNeg     . . .     Faith    .   a - +0 leather armour
rPois    .         Spirit   .   d - +1 helmet
rElec    .         Reflect  .   m - +0 cloak
rCorr    .         Harm     .   (no gloves)
MR       .....                  (no boots)
Stlth    +.........             (no amulet)
HPRegen  0.23/turn              (no ring)
MPRegen  0.19/turn              (no ring)

@: very slightly contaminated, heavily drained, slow
A: +LOS, swims, slowness 1, strong legs 1
a: Hop, Renounce Religion


Innate Abilities, Weirdness & Mutations

Shadows flee at your approach. (+LOS)
You can swim through water.
You cover ground slowly.
You can hop short distances.


   Skills:
 + Level 6.6(4.4) Fighting
 + Level 5.7(3.6) Armour
 - Level 2.1(0.3) Dodging
 - Level 1.7(0.0) Stealth
   Level 4.1(2.1) Shields
 + Level 9.9(7.6) Spellcasting
 + Level 10.2(7.9) Conjurations
 - Level 7.6(5.4) Charms
 + Level 11.6(9.2) Ice Magic


You had 19 spell levels left.
You knew the following spells:

 Your Spells              Type           Power        Failure   Level  Hunger
a - Freeze                Ice            ####         1%          1    None
b - Throw Frost           Conj/Ice       #####.       1%          2    None
c - Throw Icicle          Conj/Ice       #####...     3%          4    ###....
g - Ozocubu's Armour      Chrm/Ice       #####...     1%          3    #......

Your spell library contained the following spells:

 Spells                   Type           Power        Failure   Level  Hunger
 Summon Ice Beast         Ice/Summ       ###.....     19%         4    ###....

Skill      XL: |  1  2  3  4  5  6  7  8  9 10 |
---------------+-------------------------------+-----
Ice Magic      | 4 5 6 10 11 | 11.6
Spellcasting   | 3 4 5 8 9 |  9.9
Conjurations   | 2 3 4 5 8 9 10 | 10.2
Charms         | 2 7 |  7.6
Fighting       | 4 6 |  6.6
Armour         | 4 5 |  5.7
Shields        | 4 |  4.1
Dodging        | |  2.1
Stealth        | |  1.7

Action                   |  1- 3 |  4- 6 |  7- 9 | 10-12 || total
-------------------------+-------+-------+-------+-------++-------
Melee: Unarmed           |    14 |       |       |       ||    14
       Dagger            |    30 |    57 |       |       ||    87
       Quarterstaff      |       |    23 |    43 |     5 ||    71
       Staff             |       |    20 |    23 |       ||    43
Throw: Throwing net      |       |     1 |     1 |       ||     2
 Cast: Freeze            |    44 |    75 |    17 |     6 ||   142
       Throw Frost       |     5 |     1 |    29 |     9 ||    44
       Throw Icicle      |       |     1 |     1 |     3 ||     5
       Ozocubu's Armour  |       |     1 |       |     1 ||     2
 Abil: Hop               |       |     1 |       |       ||     1
  Use: Scroll            |       |       |    10 |       ||    10
       Potion            |       |       |     3 |     1 ||     4
 Stab: Distracted        |     1 |       |       |       ||     1
       Sleeping          |       |     2 |       |       ||     2
       Paralysed         |       |     1 |       |       ||     1
       Petrified         |       |       |     6 |       ||     6
       Confused          |       |       |       |     1 ||     1
  Eat: Chunk             |     2 |     5 |     5 |       ||    12
       Ration            |       |     2 |     1 |     1 ||     4
Armor: Robe              |    13 |     5 |       |       ||    18
       Leather armour    |       |    29 |    22 |     3 ||    54
Dodge: Dodged            |    59 |   117 |    58 |    15 ||   249

Inventory:

Hand Weapons
 x - a +4 quarterstaff of chaos (weapon)
Missiles
 i - a throwing net (quivered)
Armour
 a - a +0 leather armour (worn)
 d - a +1 helmet (worn)
 j - a +1 robe of cold resistance
 m - a +0 cloak (worn)
Magical Staves
 z - an uncursed staff of wizardry
Jewellery
 v - an uncursed ring of fire
Wands
 w - a wand of flame (13)
Scrolls
 c - 2 scrolls of enchant weapon {unknown}
 f - 3 scrolls of fog
 g - 3 scrolls of amnesia {unknown}
 k - 2 scrolls of fear {unknown}
 l - 2 scrolls of enchant armour {unknown}
 n - 5 scrolls of remove curse
 o - a scroll of noise {unknown}
 r - a scroll of identify
 s - a scroll of magic mapping {unknown}
 t - 6 scrolls of teleportation
 y - a scroll of immolation {unknown}
 D - a scroll of blinking {unknown}
 E - a scroll of summoning {unknown}
Potions
 b - 2 potions of brilliance
 h - a potion of resistance
 p - 2 potions of lignification
 q - a potion of heal wounds
 u - a potion of invisibility
 A - 2 potions of flight
 B - a potion of degeneration {unknown}
 C - a potion of curing
Comestibles
 e - 6 rations


You were on level 6 of the Dungeon.
You worshipped Vehumet.
Vehumet was noncommittal.
You were not hungry.

You visited 1 branch of the dungeon, and saw 6 of its levels.

You collected 296 gold pieces.

Dungeon Overview and Level Annotations

Branches:
Dungeon (6/15)             Temple (0/1) D:5

Altars:
Cheibriados
Uskayaw
Vehumet
The Shining One

Shops:
D:4 %   D:5 =

Annotations:
D:6 Blork the orc, Dowan, Duvessa

#.# #.#
#.# #.#
#.# #.#
#.# #(#
#@###
#z.z#
###.# #c#
#.# #z# #
#c#
######.
#.#
.z.z...###
#z#


You could see a centaur and 2 wights.

Notes
Turn   | Place    | Note
-------+----------+-------------------------------------------
     0 | D:1      | theanonym the Barachi Ice Elementalist began the quest for
                  | the Orb.
     0 | D:1      | Reached XP level 1. HP: 13/13 MP: 3/3
   109 | D:1      | Reached skill level 4 in Ice Magic
   109 | D:1      | Reached XP level 2. HP: 18/19 MP: 1/5
   118 | D:1      | Learned a level 2 spell: Throw Frost
   349 | D:1      | Reached XP level 3. HP: 19/24 MP: 1/7
   631 | D:1      | Reached skill level 3 in Spellcasting
   923 | D:1      | Reached skill level 2 in Conjurations
  1337 | D:2      | Reached XP level 4. HP: 20/30 MP: 3/8
  1343 | D:2      | HP: 15/30 [poisoned by an adder]
  1350 | D:2      | HP: 13/30 [poisoned by an adder]
  1357 | D:2      | HP: 12/30 [poisoned by an adder]
  1365 | D:2      | HP: 11/30 [poisoned by an adder]
  1564 | D:2      | Noticed Robin
  1586 | D:2      | HP: 14/30 [ooze (2)]
  1598 | D:2      | HP: 5/30 [goblin/+0 club[Robin] (4)]
  1938 | D:2      | Killed Robin
  1942 | D:2      | HP: 15/30 [goblin/+0 club[Robin] (3)]
  2076 | D:2      | HP: 15/30 [ooze (2)]
  2365 | D:2      | Noticed Jessica
  2399 | D:2      | Killed Jessica
  2399 | D:2      | Reached skill level 5 in Ice Magic
  2399 | D:2      | Reached XP level 5. HP: 31/35 MP: 7/10
  2575 | D:2      | Learned a level 3 spell: Ozocubu's Armour
  2580 | D:2      | Learned a level 4 spell: Throw Icicle
  3059 | D:3      | Reached skill level 3 in Conjurations
  3445 | D:3      | Noticed a +0 hand axe
  3446 | D:3      | Noticed a +0 hand axe
  3447 | D:3      | Found a hide-covered altar of Uskayaw.
  3688 | D:3      | Found a runed translucent door.
  3689 | D:3      | Noticed Crazy Yiuf
  3816 | D:3      | Killed Crazy Yiuf
  3816 | D:3      | Reached skill level 4 in Spellcasting
  3816 | D:3      | Reached XP level 6. HP: 41/41 MP: 5/12
  4167 | D:4      | Reached skill level 4 in Conjurations
  4182 | D:4      | HP: 20/41 [worm (9)]
  4192 | D:4      | Reached skill level 6 in Ice Magic
  4435 | D:4      | Found Saozuig's Food Shoppe.
  4559 | D:4      | HP: 20/41 [bullfrog skeleton (1)]
  4560 | D:4      | Reached XP level 7. HP: 23/46 MP: 0/13
  5138 | D:5      | Entered Level 5 of the Dungeon
  5149 | D:5      | Reached skill level 1 in Charms
  5563 | D:5      | Reached skill level 2 in Charms
  5570 | D:5      | HP: 23/46 [shadow imp (1)]
  5575 | D:5      | HP: 15/46 [shadow imp (2)]
  5576 | D:5      | HP: 7/46 [shadow imp/nerve-wracking pain (9)]
  5580 | D:5      | HP: 3/46 [shadow imp (4)]
  5585 | D:5      | HP: 23/46 [shadow imp (2)]
  5755 | D:5      | Found a glowing golden altar of the Shining One.
  5771 | D:5      | Reached skill level 5 in Spellcasting
  5860 | D:5      | Found a radiant altar of Vehumet.
  5909 | D:5      | Became a worshipper of Vehumet
  5961 | D:5      | Noticed a hog
  5961 | D:5      | an ice beast changed into a hog
  5963 | D:5      | HP: 18/46 [hog (6)]
  5971 | D:5      | Killed a hog
  5971 | D:5      | Reached skill level 5 in Conjurations
  5974 | D:5      | Reached XP level 8. HP: 17/52 MP: 15/15
  6242 | D:5      | Found a staircase to the Ecumenical Temple.
  6247 | D:5      | Reached skill level 7 in Ice Magic
  6318 | D:5      | Reached skill level 3 in Charms
  6391 | D:5      | Found Wonekoh's Jewellery Boutique.
  6989 | D:5      | Found a snail-covered altar of Cheibriados.
  7103 | D:5      | Reached skill level 8 in Spellcasting
  7103 | D:5      | Reached skill level 8 in Conjurations
  7103 | D:5      | Reached skill level 7 in Charms
  7103 | D:5      | Reached skill level 10 in Ice Magic
  7103 | D:5      | Reached XP level 9. HP: 57/57 MP: 15/21
  7104 | D:5      | Reached skill level 4 in Fighting
  7104 | D:5      | Reached skill level 4 in Armour
  7104 | D:5      | Reached skill level 9 in Spellcasting
  7104 | D:5      | Reached skill level 9 in Conjurations
  7104 | D:5      | Reached skill level 11 in Ice Magic
  7104 | D:5      | Reached XP level 10. HP: 73/73 MP: 15/23
  7105 | D:5      | Reached skill level 6 in Fighting
  7105 | D:5      | Reached skill level 5 in Armour
  7105 | D:5      | Reached skill level 4 in Shields
  7105 | D:5      | Reached skill level 10 in Conjurations
  7105 | D:5      | Reached XP level 11. HP: 83/83 MP: 15/24
  7139 | D:6      | Noticed Blork the orc
  7139 | D:6      | Noticed Duvessa
  7139 | D:6      | Noticed Dowan
  7140 | D:6      | Noticed Prince Ribbit
  7151 | D:5      | Killed Prince Ribbit
  7308 | D:6      | HP: 39/83 [wight/+1 great sword of freezing (5)]
  7324 | D:6      | HP: 28/83 [wight/+1 great sword of freezing (1)]
  7325 | D:6      | HP: 8/83 [wight/+1 great sword of freezing (10)]
  7325 | D:6      | HP: 2/83 [wight/+1 great sword of freezing (3)]
  7325 | D:6      | Shot with an arrow by a centaur

Vanquished Creatures
  Prince Ribbit (D:5)
  A hog (D:5)
  An ogre (D:5)
  A centaur (D:5)
  A scorpion (D:4)
  A crimson imp (D:5)
  Crazy Yiuf (D:3)
  A bullfrog skeleton (D:4)
  3 hounds
  4 orc priests
  4 orc wizards
  Jessica (D:2)
  An iguana (D:4)
  2 worker ants
  A hound zombie (D:5)
  Robin (D:2)
  3 adders
  A shadow imp (D:5)
  3 oozes
  3 worms
  5 dart slugs (D:1)
  6 leopard geckos
  12 orcs
  10 bats
  3 giant cockroaches
  17 goblins
  8 hobgoblins
  6 kobolds
  2 quokkas
  3 ball pythons
  3 frilled lizards
  10 rats
120 creatures vanquished.

Table legend:
 A = Turns spent in this place as a percentage of turns spent in the entire game.
 B = Non-inter-level travel turns spent in this place as a percentage of non-inter-level travel turns spent in the entire game.
 C = Inter-level travel turns spent in this place as a percentage of turns spent in this place.
 D = Turns resting spent in this place as a percentage of non-inter-level travel turns spent in this place.
 E = Turns spent auto-exploring this place as a percentage of non-inter-level travel turns spent in this place.
 F = Non-inter-level travel turns spent in this place divided by the number of levels of this place that you've seen.
                   A       B       C       D       E      F
               +-------+-------+-------+-------+-------+----------------------
         Total | 100.0 | 100.0 |   4.4 |  39.2 |  46.5 | 1167.2
       Dungeon | 100.0 | 100.0 |   4.4 |  39.2 |  46.5 | 1167.2
               +-------+-------+-------+-------+-------+----------------------
